TOP OF THE 1ST |
Greenville 84s batting - Pitching for Baffin Island Beavers : RHP Thierry Garneau
|
Pitching: RHP Thierry Garneau
|
|
Batting: RHB Tom Hicks
|
0-0: Called Strike 0-1: Ball 1-1: SOLO HOME RUN (Flyball, 7D), Distance : 419 ft
|
Batting: LHB George Wood
|
0-0: Called Strike 0-1: Ball 1-1: Ball 2-1: Swinging Strike 2-2: Ball 3-2: Strikes out looking
|
Batting: RHB Pat Fernández
|
0-0: Ground out 3-1 (Groundball, 34)
|
Batting: LHB José Costa
|
0-0: Ball 1-0: Called Strike 1-1: Swinging Strike 1-2: Foul Ball, location: 2F 1-2: Ball 2-2: DOUBLE (Flyball, 8LXD)
|
Batting: RHB Jorge Cisneros
|
0-0: Ball 1-0: Ball 2-0: Ball 3-0: Called Strike 3-1: Foul Ball, location: 2F 3-2: Ground out 1-3 (Groundball, 15S)
|
Top of the 1st over - 1 run(s), 2 hit(s), 0 error(s), 1 left on base; Greenville 1 - Baffin Island 0 |
BOTTOM OF THE 1ST |
Baffin Island Beavers batting - Pitching for Greenville 84s : RHP Andrés Vázquez
|
Pitching: RHP Andrés Vázquez
|
|
Batting: RHB Tomás Díaz
|
0-0: Ball 1-0: Called Strike 1-1: Ball 2-1: Foul Ball, location: 2F 2-2: Ball 3-2: Strikes out swinging
|
Batting: LHB Norberto Muñóz
|
0-0: Bunted foul 0-1: Ball 1-1: Ball 2-1: Ball 3-1: Ground out 6-3 (Groundball, 6)
|
Batting: LHB Chris Bates
|
0-0: Foul Ball, location: 2F 0-1: Swinging Strike 0-2: Ball 1-2: Ball 2-2: Ball 3-2: SINGLE (Line Drive, 6D)
|
Batting: RHB Tony Morton
|
0-0: Swinging Strike 0-1: Ball 1-1: Ball 2-1: Swinging Strike 2-2: Foul Ball, location: 2F 2-2: Strikes out swinging
|
Bottom of the 1st over - 0 run(s), 1 hit(s), 0 error(s), 1 left on base; Greenville 1 - Baffin Island 0 |
TOP OF THE 2ND |
Greenville 84s batting - Pitching for Baffin Island Beavers : RHP Thierry Garneau
|
Batting: RHB Casey Fox
|
0-0: Foul Ball, location: 2F 0-1: Ground out 6-3 (Groundball, 6M)
|
Batting: RHB Cristo García
|
0-0: Ball 1-0: Swinging Strike 1-1: Ball 2-1: Foul Ball, location: 2F 2-2: Foul Ball, location: 2F 2-2: Foul Ball, location: 2F 2-2: Foul Ball, location: 2F 2-2: Foul Ball, location: 2F 2-2: Foul Ball, location: 2F 2-2: Ground out 2-3 (Groundball, 2R)
|
Batting: RHB Felipe Rego
|
0-0: Ball 1-0: Ball 2-0: Called Strike 2-1: Fly out, F7 (Flyball, 7LSF)
|
Top of the 2nd over - 0 run(s), 0 hit(s), 0 error(s), 0 left on base; Greenville 1 - Baffin Island 0 |
BOTTOM OF THE 2ND |
Baffin Island Beavers batting - Pitching for Greenville 84s : RHP Andrés Vázquez
|
Batting: SHB Ron Edwards
|
0-0: Called Strike 0-1: Fly out, F8 (Flyball, 8RD)
|
Batting: SHB Alonso Ferreira
|
0-0: Foul Ball, location: 2F 0-1: Called Strike 0-2: Foul Ball, location: 2F 0-2: Ball 1-2: SINGLE (Line Drive, 4MD)
|
Batting: RHB Eduardo García
|
0-0: Called Strike 0-1: Swinging Strike 0-2: Strikes out swinging
|
Batting: LHB Howard Evans
|
0-0: Swinging Strike 0-1: Ball 1-1: Ball 2-1: Ball 3-1: Fly out, F7 (Flyball, 78S)
|
Bottom of the 2nd over - 0 run(s), 1 hit(s), 0 error(s), 1 left on base; Greenville 1 - Baffin Island 0 |
TOP OF THE 3RD |
Greenville 84s batting - Pitching for Baffin Island Beavers : RHP Thierry Garneau
|
Batting: RHB Ricardo Salazar
|
0-0: Called Strike 0-1: Swinging Strike 0-2: Foul Ball, location: 2F 0-2: Strikes out swinging
|
Batting: RHB Tom Hicks
|
0-0: Ball 1-0: Called Strike 1-1: Ground out 6-3 (Groundball, 6)
|
Batting: LHB George Wood
|
0-0: Called Strike 0-1: Foul Ball, location: 2F 0-2: Strikes out swinging, 2-3 out at first.
|
Top of the 3rd over - 0 run(s), 0 hit(s), 0 error(s), 0 left on base; Greenville 1 - Baffin Island 0 |
BOTTOM OF THE 3RD |
Baffin Island Beavers batting - Pitching for Greenville 84s : RHP Andrés Vázquez
|
Batting: LHB Mike MacFadden
|
0-0: Fly out, F8 (Flyball, 8LM)
|
Batting: RHB Tomás Díaz
|
0-0: Ball 1-0: Ball 2-0: Called Strike 2-1: Swinging Strike 2-2: Foul Ball, location: 2F 2-2: Ball 3-2: Strikes out looking
|
Batting: LHB Norberto Muñóz
|
0-0: Swinging Strike 0-1: SINGLE (Groundball, 6MD)
|
Batting: LHB Chris Bates
|
0-0: Called Strike Throwing error on steal attempt, E2 Norberto Muñóz to third 0-1: SINGLE (Line Drive, 78S) Norberto Muñóz scores
|
Batting: RHB Tony Morton
|
0-0: Called Strike Chris Bates steals 2nd base 0-1: Ball 1-1: Called Strike 1-2: Ball 2-2: Ball 3-2: Ground out 6-3 (Groundball, 6)
|
Bottom of the 3rd over - 1 run(s), 2 hit(s), 1 error(s), 1 left on base; Greenville 1 - Baffin Island 1 |
TOP OF THE 4TH |
Greenville 84s batting - Pitching for Baffin Island Beavers : RHP Thierry Garneau
|
Batting: RHB Pat Fernández
|
0-0: Foul Ball, location: 2F 0-1: Called Strike 0-2: Ball 1-2: Ground out 5-3 (Groundball, 56)
|
Batting: LHB José Costa
|
0-0: Called Strike 0-1: Foul Ball, location: 2F 0-2: SINGLE (Flyball, 89S)
|
Batting: RHB Jorge Cisneros
|
0-0: Ball 1-0: Called Strike 1-1: Ball 2-1: Foul Ball, location: 2F 2-2: Strikes out looking
|
Batting: RHB Casey Fox
|
0-0: SINGLE (Flyball, 6MD) José Costa to second Runner from 2nd tries for 3rd, SAFE, no throw
|
Batting: RHB Cristo García
|
0-0: Ball 1-0: Fly out, F3 (Popup, 34S)
|
Top of the 4th over - 0 run(s), 2 hit(s), 0 error(s), 2 left on base; Greenville 1 - Baffin Island 1 |
BOTTOM OF THE 4TH |
Baffin Island Beavers batting - Pitching for Greenville 84s : RHP Andrés Vázquez
|
Batting: SHB Ron Edwards
|
0-0: Called Strike 0-1: Ball 1-1: Ball 2-1: Ball 3-1: Foul Ball, location: 2F 3-2: Fly out, F7 (Flyball, 7S)
|
Batting: SHB Alonso Ferreira
|
0-0: Ground out 6-3 (Groundball, 6)
|
Batting: RHB Eduardo García
|
0-0: Ball 1-0: Called Strike 1-1: Ball 2-1: Single, Error in OF, E8, batter to second base
|
Batting: LHB Howard Evans
|
0-0: Called Strike 0-1: Ball 1-1: Ball 2-1: Foul Ball, location: 2F 2-2: Foul Ball, location: 2F 2-2: Foul Ball, location: 2F 2-2: SINGLE (Flyball, 6MD) Eduardo García to third Runner from 3rd tries for Home, SAFE, no throw
|
Pitching: RHP Artie Downing
|
|
Batting: LHB Mike MacFadden
|
0-0: Called Strike 0-1: Ball 1-1: Ball 2-1: Foul Ball, location: 2F 2-2: Fly out, F4 (Line Drive, 34)
|
Bottom of the 4th over - 1 run(s), 2 hit(s), 1 error(s), 1 left on base; Greenville 1 - Baffin Island 2 |
TOP OF THE 5TH |
Greenville 84s batting - Pitching for Baffin Island Beavers : RHP Thierry Garneau
|
Batting: RHB Felipe Rego
|
0-0: Ball 1-0: Called Strike 1-1: Foul Ball, location: 2F 1-2: Strikes out swinging
|
Batting: RHB Ricardo Salazar
|
0-0: Ball 1-0: Ball 2-0: Fly out, F8 (Flyball, 8LM)
|
Pitching: RHP Colm Stewart
|
|
Batting: RHB Tom Hicks
|
0-0: Foul Ball, location: 2F 0-1: Ground out 4-3 (Groundball, 4)
|
Top of the 5th over - 0 run(s), 0 hit(s), 0 error(s), 0 left on base; Greenville 1 - Baffin Island 2 |
BOTTOM OF THE 5TH |
Baffin Island Beavers batting - Pitching for Greenville 84s : RHP Artie Downing
|
Batting: RHB Tomás Díaz
|
0-0: Ball 1-0: Ground out 5-3 (Groundball, 56)
|
Batting: LHB Norberto Muñóz
|
0-0: Foul Ball, location: 2F 0-1: Ball 1-1: Fly out, F8 (Flyball, 8LS)
|
Batting: LHB Chris Bates
|
0-0: Ground out 6-3 (Groundball, 6)
|
Bottom of the 5th over - 0 run(s), 0 hit(s), 0 error(s), 0 left on base; Greenville 1 - Baffin Island 2 |
TOP OF THE 6TH |
Greenville 84s batting - Pitching for Baffin Island Beavers : RHP Colm Stewart
|
Batting: LHB George Wood
|
0-0: Swinging Strike 0-1: Called Strike 0-2: Strikes out swinging
|
Batting: RHB Pat Fernández
|
0-0: Called Strike 0-1: Foul Ball, location: 2F 0-2: Ball 1-2: Ground out 4-3 (Groundball, 4)
|
Batting: LHB José Costa
|
0-0: Ball 1-0: SINGLE (Flyball, 78S)
|
Batting: RHB Jorge Cisneros
|
0-0: Ball 1-0: Ball 2-0: SINGLE (Groundball, 56D) José Costa to second
|
Batting: RHB Casey Fox
|
0-0: Ball 1-0: Foul Ball, location: 2F 1-1: Swinging Strike 1-2: Fly out, F8 (Flyball, 89D)
|
Top of the 6th over - 0 run(s), 2 hit(s), 0 error(s), 2 left on base; Greenville 1 - Baffin Island 2 |
BOTTOM OF THE 6TH |
Baffin Island Beavers batting - Pitching for Greenville 84s : RHP Artie Downing
|
Batting: RHB Tony Morton
|
0-0: Ball 1-0: Ball 2-0: Ball 3-0: Base on Balls
|
Batting: SHB Ron Edwards
|
0-0: Ball 1-0: Grounds into double play, 4-6-3 (Groundball, 34)
|
Batting: SHB Alonso Ferreira
|
0-0: Ball 1-0: Ball 2-0: Called Strike 2-1: Foul Ball, location: 2F 2-2: Ground out 5-3 (Groundball, 56)
|
Bottom of the 6th over - 0 run(s), 0 hit(s), 0 error(s), 0 left on base; Greenville 1 - Baffin Island 2 |
TOP OF THE 7TH |
Greenville 84s batting - Pitching for Baffin Island Beavers : RHP Colm Stewart
|
Now at 1B: Ángelo García
|
|
Batting: RHB Cristo García
|
0-0: Called Strike 0-1: Swinging Strike 0-2: Ball 1-2: Strikes out swinging, 2-3 out at first.
|
Batting: RHB Felipe Rego
|
0-0: Ball 1-0: Foul Ball, location: 2F 1-1: Foul Ball, location: 2F 1-2: Ball 2-2: Ball 3-2: Base on Balls
|
Pinch Hitting: RHB Enzo Díaz
|
0-0: Ball 1-0: SINGLE (Groundball, 6) (infield hit) Felipe Rego to second
|
Pinch Hitting: LHB Jimmy Vickers
|
0-0: Ball 1-0: Ball 2-0: Called Strike 2-1: Foul Ball, location: 2F 2-2: Strikes out swinging
|
Pitching: LHP Tom Miller
|
|
Batting: LHB George Wood
|
0-0: Foul Ball, location: 2F 0-1: Foul Ball, location: 2F 0-2: Ball 1-2: Strikes out swinging
|
Top of the 7th over - 0 run(s), 1 hit(s), 0 error(s), 2 left on base; Greenville 1 - Baffin Island 2 |
BOTTOM OF THE 7TH |
Baffin Island Beavers batting - Pitching for Greenville 84s : RHP Artie Downing
|
Now at SS: Enzo Díaz
|
|
Now in CF: Patrick Potts
|
|
Batting: RHB Eduardo García
|
0-0: Foul Ball, location: 2F 0-1: Ball 1-1: Ball 2-1: Ball 3-1: Fly out, F7 (Flyball, 78S)
|
Pitching: LHP Júlio Gracía
|
|
Batting: LHB Howard Evans
|
0-0: Ball 1-0: Ball 2-0: Ground out 4-3 (Groundball, 4)
|
Pitching: RHP Tomás González
|
|
Batting: LHB Mike MacFadden
|
0-0: Ball 1-0: Foul Ball, location: 2F 1-1: SINGLE (Line Drive, 34D)
|
Pinch Hitting: RHB Alden Isenhood
|
0-0: Called Strike 0-1: Ball 1-1: Swinging Strike 1-2: SINGLE (Flyball, 8RS) Mike MacFadden to second
|
Batting: LHB Norberto Muñóz
|
0-0: Ball 1-0: Ball 2-0: Fielders Choice at 2nd, 6-4 (Groundball, 6)
|
Bottom of the 7th over - 0 run(s), 2 hit(s), 0 error(s), 1 left on base; Greenville 1 - Baffin Island 2 |
TOP OF THE 8TH |
Greenville 84s batting - Pitching for Baffin Island Beavers : LHP Tom Miller
|
Pitching: LHP Jaime Guzmán
|
|
Now at 2B: Alden Isenhood
|
|
Batting: RHB Pat Fernández
|
0-0: Ball 1-0: Foul Ball, location: 2F 1-1: Ball 2-1: Foul Ball, location: 2F 2-2: Fly out, F7 (Line Drive, 7D)
|
Batting: LHB José Costa
|
0-0: Ball 1-0: Swinging Strike 1-1: Ball 2-1: Foul Ball, location: 2F 2-2: Ball 3-2: Foul Ball, location: 2F 3-2: Base on Balls
|
Pitching: RHP Dave Rhodes
|
|
Pinch Hitting: RHB Carlos Torres
|
0-0: Called Strike 0-1: Called Strike 0-2: Ball 1-2: Foul Ball, location: 2F 1-2: Foul Ball, location: 2F 1-2: Ball 2-2: Foul Ball, location: 2F 2-2: Grounds into double play, 4-6-3 (Groundball, 4)
|
Top of the 8th over - 0 run(s), 0 hit(s), 0 error(s), 0 left on base; Greenville 1 - Baffin Island 2 |
BOTTOM OF THE 8TH |
Baffin Island Beavers batting - Pitching for Greenville 84s : RHP Tomás González
|
Now at SS: Robert Buckley
|
|
Batting: LHB Chris Bates
|
0-0: Called Strike 0-1: Ground out U3 (Groundball, 34)
|
Batting: RHB Tony Morton
|
0-0: Ball 1-0: Ball 2-0: Ball 3-0: Called Strike 3-1: Base on Balls
|
Pinch Hitting: LHB Javier Orozco
|
0-0: Called Strike 0-1: Ball 1-1: Fielders Choice at 2nd, 1-6 (Groundball, 13S)
|
Batting: SHB Alonso Ferreira
|
0-0: Ball 1-0: Called Strike 1-1: Ball 2-1: Ground out U3 (Groundball, 3)
|
Bottom of the 8th over - 0 run(s), 0 hit(s), 0 error(s), 1 left on base; Greenville 1 - Baffin Island 2 |
TOP OF THE 9TH |
Greenville 84s batting - Pitching for Baffin Island Beavers : RHP Dave Rhodes
|
Pitching: LHP Brent Miller
|
|
Now at 1B: Murdoch Norton
|
|
Batting: RHB Casey Fox
|
0-0: Called Strike 0-1: Foul Ball, location: 2F 0-2: Ball 1-2: Fly out, F8 (Flyball, 8RS)
|
Batting: RHB Cristo García
|
0-0: Called Strike 0-1: SINGLE (Groundball, 6MD)
|
Batting: RHB Felipe Rego
|
0-0: Called Strike 0-1: Grounds into double play, 6-4-3 (Groundball, 6)
|
Top of the 9th over - 0 run(s), 1 hit(s), 0 error(s), 0 left on base; Greenville 1 - Baffin Island 2 |
|